← All builds
Geo sea / Armada / Economy first / OBSERVED BUILD

Standard geo sea

Standard Geo sea play: bot lab then shipyard in the cove, an early submarine and destroyer to contest the sea, geothermal around 7:40 to fund the later fleet transition.

Usually shipyard in the cove (87%)

#naval #eco · 729 distinct matches · 101 players · 81% of Armada Geo sea games · team won 54% of 778 · Recently observed

HOW TO PLAY IT

Key timing: Shipyard by 3:13

  1. Open 3 mex and wind into Bot Lab.
  2. Put up Shipyard with naval turret and BP for defense.
  3. Send out "submarine" then "destroyer" to contest the sea.
  4. Bring geothermal online to fund the fleet.
  5. Add Advanced Metal Extractor as the economy transitions.

Phase by phase

TYPICAL OF ITS 729 GAMES
  1. 1
  2. 2
  3. 3
  4. 4
PLAY THE OPENING

Follow the example game's first 6:00 step by step: what to build now, what comes next, and where it goes. At 1× it keeps pace with your own game.

  1. 1

    Up to the Bot Lab

    Economy
    • Metal Extractor3Mex
    • Wind Turbine3Wind
    Order
    1. Bot LabBot Lab after 3 mex, 3 winddone ~1:12, middle half 1:06–1:18

    Some games also: wind for allies (44%)

    By 0:55 in all: 3 mex · 3 wind

    The example game in this phase · 3 steps
    1. Mex ×3
    2. Wind ×6
    3. Bot LabBot Labdone 1:25 · typical 1:12
  2. 2

    Bot Lab to Shipyard

    Economy
    • Metal Extractor1Mex
    • Wind Turbine1Wind
    Order
    1. ShipyardShipyard after 4 mex, 4 winddone ~3:11, middle half 2:50–3:36
    Builders
    • Construction Bot3 Con bot
    • Lazarus2 Lazarus

    Some games also: pawn (44%) · con turret (38%) · crossbow (35%)

    By 2:48 in all: 4 mex · 4 wind

    The example game in this phase · 10 steps
    1. Construction BotCon bot ×2
    2. Mex
    3. Construction BotCon bot
    4. Wind
    5. LazarusLazarus
    6. Radar TowerRadar Tower
    7. Wind
    8. TickTick
    9. Wind
    10. ShipyardShipyarddone 2:55 · typical 3:11
  3. 3

    Shipyard to 5:00

    Economy
    • Metal Extractor4Mex
    • Wind Turbine1Wind
    Builders
    • Construction Ship1 Con ship
    Army
    • Dolphin3 Dolphin
    • Skater1 Skater
    • Corsair1 Destroyer
    Other
    • Radar Tower1 Radar Tower

    Some games also: Sentry (44%) · submarine (44%) · converter (32%) · con turret (31%) · pawn (31%)

    By 5:00 in all: 8 mex · 7 wind · 1 energy storage · 1 con turret

    The example game in this phase · 24 steps
    1. PawnPawn
    2. Mex
    3. Wind
    4. PawnPawn
    5. Construction ShipCon ship
    6. Wind
    7. SkaterSkater
    8. PawnPawn
    9. Naval Construction Turret
    10. Wind
    11. Mex ×2
    12. Wind ×2
    13. Mex
    14. DolphinDolphin
    15. Radar TowerRadar Tower
    16. Converter
    17. SentrySentry
    18. DolphinDolphin
    19. Converter
    20. DolphinDolphin
    21. SkaterSkater
    22. CorsairDestroyerdone 5:03 · typical 5:35
    23. Energy storage
    24. SentrySentry
  4. 4

    5:00 to 10:00

    Economy
    • Metal Extractor2Mex
    • Wind Turbine12Wind
    • Energy Converter2Converter
    Builders
    • Construction Turret1 Con turret
    • Construction Ship1 Con ship
    • Grim Reaper1 Grim Reaper
    Army
    • Sentry1 Sentry
    • Dolphin5 Dolphin
    • Corsair2 Destroyer
    • Skater2 Skater

    Some games also: Radar Tower (49%) · frigate (40%) · geo (40%) · Harpoon (39%) · Naval Construction Turret (33%)

    By 10:00 in all: 11 mex · 19 wind · 1 geo · 4 converter · 1 energy storage · 2 con turret

    The example game in this phase · 86 steps
    1. NettleNettle
    2. Naval Construction Turret
    3. Naval Radar / Sonar TowerNaval Radar / Sonar Tower
    4. CorsairDestroyer
    5. Mex
    6. Geothermal PowerplantGeodone 7:18 · typical 7:45
    7. CorsairDestroyer
    8. HarpoonHarpoon
    9. Advanced Metal ExtractorT2 mexdone 7:55 · typical 9:17
    10. HarpoonHarpoon
    11. CorsairDestroyer
    12. Converter ×3
    13. HarpoonHarpoon
    14. Advanced Metal ExtractorT2 mex
    15. Converter
    16. CorsairDestroyer
    17. Converter ×2
    18. Radar TowerRadar Tower
    19. Mexfor Suicide front
    20. CorsairDestroyer
    21. SentrySentryfor Suicide front
    22. Advanced Metal ExtractorT2 mex
    23. Naval Construction Turret
    24. Grim ReaperGrim Reaper
    25. Naval Construction Turret ×2
    26. Tidal
    27. Construction ShipCon ship
    28. Tidal ×2
    29. Grim ReaperGrim Reaper
    30. Tidal
    31. Grim ReaperGrim Reaper
    32. Tidal
    33. Grim ReaperGrim Reaper
    34. Tidal
    35. CorsairDestroyer
    36. Advanced Metal ExtractorT2 mex
    37. Mex
    38. Naval Construction Turret
    39. CorsairDestroyer
    40. Naval Construction Turret
    41. Tidal ×2
    42. Grim ReaperGrim Reaper
    43. Tidal
    44. Naval Construction Turret
    45. Grim ReaperGrim Reaper
    46. Tidal ×6
    47. Grim ReaperGrim Reaper
    48. Tidal ×3
    49. Grim ReaperGrim Reaper
    50. Tidal
    51. CorsairDestroyer
    52. Tidal ×3
    53. CorsairDestroyer
    54. Tidal ×2
    55. CorsairDestroyer
    56. Tidal ×2
    57. SkaterSkater
    58. Tidal ×2
    59. Advanced ShipyardAdvanced Shipyarddone 13:22
    60. Tidal
    61. SkaterSkater
    62. Tidal
    63. SkaterSkater
    64. Advanced Construction SubAdvanced Construction Sub
    65. Tidal
    66. SkaterSkater
    67. Tidal ×2
    68. Advanced Metal ExtractorT2 mex
    69. Tidal
    70. SkaterSkater
    71. VoyagerVoyager
    72. Tidal
    73. Naval Advanced Metal ExtractorNaval Advanced Metal Extractordone 14:19
    74. Tidal
    75. VoyagerVoyager ×2
    76. Tidal
    77. VoyagerVoyager ×2
    78. Tidal
    79. Advanced Construction SubAdvanced Construction Sub
    80. Mex
    81. Naval Advanced Metal ExtractorNaval Advanced Metal Extractor
    82. Seaplane PlatformSeaplane Platformnot finished by 15:00
    83. Advanced Metal ExtractorT2 mex
    84. EpochEpochnot finished by 15:00
    85. MorayMoraynot finished by 15:00
    86. Mex

Counts are medians over the build's games: half of them build more, half fewer. The example game is _X_'s (40 OS, 28/09/2026); pick another.

Team trades

IN AT LEAST 30% OF ITS GAMES

You hand over

  • Wind Turbine2 Wind to Airfirst at 1:41 · in 62% of games

You get

  • Finch1 Finch from Airfirst at 1:51 · in 74% of games
  • Hercules1 Light transport from Airfirst at 2:05 · in 64% of games
  • Advanced Construction Bot1 T2 con bot from Techfirst at 7:42 · in 89% of games

How it plays out

Typical game of this build, running totals by minute

Metal produced

010k20k30k
0:005:0010:0015:00

metal

Enemy metal destroyed

05k10k
0:005:0010:0015:00

metal

Own metal lost

02.5k5k7.5k
0:005:0010:0015:00

metal

778 games.

Show as table
ByMetal produced: This buildEnemy metal destroyed: This buildOwn metal lost: This build
1:0039500
2:0092800
3:00160300
4:002928051
5:00414717574
6:005554541314
7:0071101004646
8:00877617711041
9:001068025461676
10:001296034962273
11:001570846933181
12:001869457873959
13:002186669234765
14:002559380275669
15:002907491296696
WHAT THE NUMBERS SAY

Standard Armada geo sea nearly matches Cortex's economy numbers but wins slightly more often at 53%.

  • + Metal produced reaches 28785 by 15:00, the highest of the sea builds
  • + Own metal lost of 6895 stays well under enemy metal destroyed's 9048
  • − Geothermal only lands in 58% of games by 7:34
  • − T2 factory completes in only 40% of games by 12:43
THE EXAMPLE YOU ARE READING

_X_

39.9 OS · 28/09/2026

Open source match ↗

4 received units · includes a constructor
428 metal received · 30297 energy received

Allied construction assistance is unknown. Timings are observations, not a promise of solo reproducibility.

Typical milestones

Bot Lab1:12Middle 50%: 1:06–1:18 · n=746
Shipyard3:11Middle 50%: 2:50–3:36 · n=767
Eel4:22Middle 50%: 3:41–5:34 · n=464
Corsair5:35Middle 50%: 4:50–6:34 · n=719
Geothermal Powerplant7:45Middle 50%: 6:47–9:10 · n=475
Advanced Metal Extractor9:17Middle 50%: 8:36–10:07 · n=680

Played most by

Optimusprimenutt52games of this buildKingBenjai49games of this build_X_48games of this buildhaaven42games of this buildHummell33games of this build